 Dungeon Crawl Stone Soup version 0.26.0-10-g1f06aea511 (webtiles) character file.

Game seed: 15342196647194612839

2262 Borgoz the Slasher (level 9, -7/75 HPs)
             Began as a Ghoul Gladiator on Jan 30, 2021.
             Mangled by a wight
             ... wielding a cursed +0 morningstar
              (9 damage)
             ... on level 7 of the Dungeon.
             The game lasted 00:13:43 (7026 turns).

Borgoz the Slasher (Ghoul Gladiator)                Turns: 7026, Time: 00:13:44

Health: -7/75      AC:  7    Str: 15 (18) XL:     9   Next: 38%
Magic:  8/8        EV: 13    Int:  1 (3)  God:
Gold:   304        SH:  0    Dex: 11 (13) Spells: 8/8 levels left

rFire    . . .     SeeInvis .   a - +0 long sword
rCold    + . .     Faith    .   (no shield)
rNeg     + + +     Spirit   .   k - +0 leather armour (curse)
rPois    ∞         Reflect  .   c - +0 helmet
rElec    .         Harm     .   q - +0 cloak
rCorr    .         Rampage  .   s - +0 pair of gloves
Will     .....                  (no boots)
Stlth    +.........             d - amulet of regeneration
HPRegen  0.00/turn              (no ring)
MPRegen  0.11/turn              (no ring)

@: no status effects
A: claws 1, cold resistance 1, negative energy resistance 3, inhibited
regeneration, torment resistance, unbreathing
a: no special abilities


You were on level 7 of the Dungeon.
You visited 1 branch of the dungeon, and saw 7 of its levels.

You collected 304 gold pieces.

Inventory:

Hand Weapons
 a - a +0 long sword (weapon)
 b - a +3 dagger of venom
Armour
 c - a +0 helmet (worn)
 k - a cursed +0 leather armour (worn)
 q - a +0 cloak (worn)
 s - a +0 pair of gloves (worn)
Jewellery
 d - an amulet of regeneration (around neck)
Wands
 g - a wand of iceblast (8)
Scrolls
 f - 2 scrolls of fog
 j - 2 scrolls of enchant weapon
 l - a scroll of teleportation
 n - 6 scrolls of remove curse
 t - a scroll of noise {unknown}
 u - a scroll of fear {unknown}
Potions
 e - a potion of magic {unknown}
 h - a potion of attraction
 i - a potion of brilliance {unknown}
 m - a potion of berserk rage {unknown}
 o - a potion of haste {unknown}
 p - a potion of mutation {unknown}


   Skills:
 + Level 5.9 Fighting
 * Level 7.0 Long Blades
 - Level 1.7 Throwing
 * Level 6.3 Armour
 + Level 5.1 Dodging


You had 8 spell levels left.
You didn't know any spells.
Your spell library contained the following spells:

 Spells                   Type           Power        Failure   Level
 Animate Skeleton         Necr           0%           63%         1
 Apportation              Tloc           0%           63%         1
 Corona                   Hex            0%           63%         1
 Summon Small Mammal      Summ           0%           63%         1


Dungeon Overview and Level Annotations

Branches:
Dungeon (7/15)
 Temple: D:4-7

Altars:
Dithmenos
Elyvilon
Hepliaklqana
Kikubaaqudgha
Makhleb
Ru
Uskayaw
Xom
Yredelemnul
The Shining One

Shops:
D:6 ?

Annotations:
D:4 2 transporters


Innate Abilities, Weirdness & Mutations

You thrive by killing the living.
You are immune to poison.
You have sharp fingernails.
Your flesh is cold resistant. (rC+)
You are immune to negative energy. (rN+++)
You do not regenerate when monsters are visible.
You are immune to unholy pain and torment.
You can survive without breathing.


Message History

You hit the wight but do no damage.
The wight is heavily damaged.
The wight hits you with a cursed +0 morningstar.
* * * LOW HITPOINT WARNING * * *
It was a potion of degeneration.
There was something very wrong with that liquid.
You feel weakened.
You feel dopey.
You feel clumsy. The wight closely misses you.
You riposte.
You hit the wight.
The wight is almost destroyed.
You closely miss the wight.
The wight is almost destroyed.
The wight barely misses you.
You hit the wight.
The wight is almost destroyed.
The wight hits you with a cursed +0 morningstar.
* * * LOW HITPOINT WARNING * * *
You hit the wight but do no damage.
The wight is almost destroyed.
The wight hits you with a cursed +0 morningstar!
You die...

#.............#.#. #
##.##...##....#.#
#...#...##.......
#...#...##....#..
.####...##.###....#.#
.........#)###....#
...(..............#
...........###.#..
.......@..........
......z...........
..................
...........######.
...##.##.#... .. ...
.....## . .##.##.#..#
[. ......


You could see a wight.

Vanquished Creatures
  Sigmund (D:4)
  Edmund (D:4)
  2 ice beasts (D:6)
  A black bear (D:6)
  2 sky beasts (D:6)
  A hornet zombie (D:5)
  3 ogres (D:6)
  3 centaurs
  2 bullfrogs
  A water moccasin zombie (D:6)
  4 wights (D:7)
  A jelly (D:6)
  3 orc wizards
  A bullfrog skeleton (D:5)
  A hound (D:4)
  3 iguanas (D:4)
  3 worker ants
  3 worker ant zombies
  3 gnolls (D:4)
  7 adders
  An ufetubus (D:6)
  4 oozes
  3 worms (D:2)
  A dart slug (D:1)
  5 leopard geckos
  12 orcs
  3 giant cockroaches (D:2)
  5 goblins (D:2)
  11 hobgoblins
  16 jackals
  14 kobolds
  A quokka (D:2)
  A ball python (D:2)
  5 bats
  3 frilled lizards
  A quokka skeleton (D:4)
  11 rats
143 creatures vanquished.

Notes
Turn   | Place    | Note
-------+----------+-------------------------------------------
     0 | D:1      | Borgoz the Ghoul Gladiator began the quest for the Orb.
     0 | D:1      | Reached XP level 1. HP: 17/17 MP: 0/0
   163 | D:1      | Reached XP level 2. HP: 19/24 MP: 1/1
   360 | D:1      | Reached skill level 3 in Long Blades
   409 | D:1      | Reached skill level 1 in Armour
   411 | D:1      | Reached XP level 3. HP: 28/30 MP: 2/2
  1113 | D:2      | Reached XP level 4. HP: 22/37 MP: 3/3
  1728 | D:2      | Found a glowing golden altar of the Shining One.
  2048 | D:3      | Found an ancient bone altar of Kikubaaqudgha.
  2331 | D:3      | Reached XP level 5. HP: 45/45 MP: 4/4
  2976 | D:4      | Noticed a centaur
  2985 | D:4      | Killed a centaur
  2986 | D:4      | Reached skill level 4 in Long Blades
  2986 | D:4      | Reached XP level 6. HP: 24/51 MP: 5/5
  3426 | D:4      | Found a transporter.
  3452 | D:4      | Found a transporter.
  3656 | D:4      | Noticed Sigmund
  3657 | D:4      | Noticed Edmund
  3670 | D:4      | Killed Edmund
  3671 | D:4      | Reached XP level 7. HP: 33/58 MP: 3/6
  3673 | D:4      | Killed Sigmund
  3674 | D:4      | Reached skill level 5 in Long Blades
  4137 | D:4      | Found a hazy altar of Hepliaklqana.
  4455 | D:5      | Entered Level 5 of the Dungeon
  4767 | D:5      | Found a hide-covered altar of Uskayaw.
  4770 | D:5      | Found a basalt altar of Yredelemnul.
  4773 | D:5      | Found a white marble altar of Elyvilon.
  4919 | D:5      | Reached XP level 8. HP: 67/67 MP: 7/7
  5146 | D:5      | Found a sacrificial altar of Ru.
  5716 | D:6      | Reached skill level 5 in Fighting
  5716 | D:6      | Reached skill level 5 in Armour
  5821 | D:6      | Reached skill level 6 in Long Blades
  5966 | D:6      | Found a shimmering altar of Xom.
  5968 | D:6      | Found a hazy altar of Hepliaklqana.
  5968 | D:6      | Found an ancient bone altar of Kikubaaqudgha.
  5970 | D:6      | Found a burning altar of Makhleb.
  5970 | D:6      | Found a shimmering altar of Xom.
  5970 | D:6      | Found a basalt altar of Yredelemnul.
  6001 | D:6      | Found a burning altar of Makhleb.
  6181 | D:6      | Found Luetuel's Magic Scroll Shoppe.
  6198 | D:6      | Reached XP level 9. HP: 67/74 MP: 8/8
  6395 | D:6      | Found a shadowy altar of Dithmenos.
  6536 | D:6      | Reached skill level 5 in Dodging
  6946 | D:7      | Reached skill level 7 in Long Blades
  7025 | D:7      | HP: 2/75 [wight/cursed +0 morningstar (5)]
  7026 | D:7      | Mangled by a wight

Illustrated notes

Levels and vault maps discovered:
D:1:      ncdulo_lavacross, layout_rooms
D:2:      layout_basic, tso_metal_star
D:3:      layout_loops_cross, general_overflow_altar
D:4:      gammafunk_wand_slinger, layout_basic, kennysheep_little_box,
          sigmund_edmund_badplayer
D:5:      layout_cave_pods, grunt_temple_overflow_open, lemuel_round_altar,
          bh_walls_and_bars
D:6:      layout_gridville, lemuel_round_altar, bloody_makhleb, serial_shops,
          nicolae_shop_competitors_out_of_business, st_stairs_9, minivault_22,
          doesnt_xom_only_xom, uniq_sigmund
D:7:      layout_basic, grunt_temple_overflow_diamond,
          minmay_temple_entry_glassed_door, serial_corexii_hall,
          corexii_hall_statues_t, corexii_hall_statues_s, serial_shops, shop

Skill      XL: |  1  2  3  4  5  6  7  8  9 |
---------------+----------------------------+-----
Long Blades    | 3 4 5 6 7 |  7.0
Armour         | 1 2 3 4 5 6 |  6.3
Dodging        | 3 4 5 |  5.1
Fighting       | 3 4 5 |  5.9
Throwing       | |  1.7

Action                   |  1- 3 |  4- 6 |  7- 9 || total
-------------------------+-------+-------+-------++-------
Melee: Long sword        |   117 |   178 |    95 ||   390
       Dagger            |       |       |   286 ||   286
Throw: Throwing net      |       |     4 |     1 ||     5
  Use: Scroll            |       |    10 |     1 ||    11
       Potion            |       |     1 |     6 ||     7
 Stab: Held in net/web   |       |     2 |       ||     2
Armor: Leather armour    |    48 |    64 |   102 ||   214
Dodge: Dodged            |   108 |   137 |   220 ||   465
       Rpst.: Long sword |    34 |    50 |    13 ||    97
